 Dungeon Crawl Stone Soup version 0.27-a0-1278-g6cbc8dfb29 (webtiles) character file.

Game seed: 10900249160968700288

100 ClockworkOrrery the Skirmisher (level 4, 0/45 HPs)
             Began as a Troll Fighter on June 12, 2021.
             Slain by Sigmund (4 damage)
             ... on level 2 of the Dungeon.
             The game lasted 00:01:27 (1052 turns).

ClockworkOrrery the Skirmisher (Troll Fighter)      Turns: 1052, Time: 00:01:28

Health: 0/45       AC:  4    Str: 25    XL:     4   Next: 46%
Magic:  3/3        EV:  8    Int:  4    God:
Gold:   70         SH:  9    Dex:  9    Spells: 3/3 levels left

rFire    + . .     SeeInvis .     - Unarmed
rCold    . . .     Faith    .   b - +0 kite shield
rNeg     . . .     Spirit   .   a - +0 robe
rPois    .         Reflect  .   (helmet restricted)
rElec    .         Harm     .   (no cloak)
rCorr    .         Rampage  .   (gloves unavailable)
Will     .....                  (boots unavailable)
Stlth    +.........             (no amulet)
HPRegen  1.15/turn              e - ring of protection from fire
MPRegen  0.08/turn              (no ring)

@: slowed, very slow
A: large, unfitting armour, claws 3, regeneration 1, shaggy fur 1, tough skin 1
a: no special abilities


You were on level 2 of the Dungeon.
You visited 1 branch of the dungeon, and saw 2 of its levels.

You collected 70 gold pieces.

Inventory:

Armour
 a - a +0 robe (worn)
 b - a +0 kite shield (worn)
Jewellery
 e - a ring of protection from fire (left claw)
 g - a ring of resist corrosion
 i - a +6 ring of intelligence
Scrolls
 d - 3 scrolls of identify {unknown}
 f - a scroll of brand weapon {unknown}
 h - a scroll of amnesia {unknown}
 l - 2 scrolls of magic mapping {unknown}
 m - a scroll of enchant weapon {unknown}
Potions
 c - a potion of might
 j - a potion of cancellation {unknown}
 k - a potion of magic {unknown}


   Skills:
 * Level 3.3 Fighting
 + Level 2.9 Dodging
 + Level 2.9 Shields
 + Level 2.7 Unarmed Combat


You had 3 spell levels left.
You didn't know any spells.
Your spell library was empty.

Dungeon Overview and Level Annotations

Branches:
Dungeon (2/15)

Altars:

Annotations:
D:2 Jessica, Sigmund


Innate Abilities, Weirdness & Mutations

You are too large for most types of armour.
You have claws for hands.
Your natural rate of healing is unusually fast.
You are covered in fur. (AC +1)
You have tough skin. (AC +1)


Message History

Natasha is almost dead.
Something hits you! Natasha casts a spell at you. The magic dart hits you.
Jessica the Apprentice Sorceress comes into view.
She is wielding a +0 club and carrying a wand of flame (13).
A quokka comes into view.
You block something's attack. Natasha claws you.
Jessica shouts!
You scratch Natasha.
You kill Natasha!
Natasha screams in fury as she dies!
Jessica zaps a wand.
The puff of flame hits you. You resist. Something hits you.
Jessica gestures wildly while chanting.
Jessica blinks!
The goblin hits you with a +0 dagger. Something hits you but does no damage.
You claw the goblin!
You kill the goblin!
Something hits you but does no damage. Something hits you!
* * * LOW HITPOINT WARNING * * *
Something hits you.
* * * LOW HITPOINT WARNING * * *
Things that are here:
a +0 dagger; a goblin corpse; the felid corpse of Natasha The quokka bites you.
* * * LOW HITPOINT WARNING * * *
Something hits you but does no damage.
The quokka bites you but does no damage.
Found a stone staircase leading up.
Something hits you.
* * * LOW HITPOINT WARNING * * *
Something hits you.
* * * LOW HITPOINT WARNING * * *
The quokka barely misses you.
You miss the quokka. You block the quokka's attack.
You block something's attack. The quokka bites you.
* * * LOW HITPOINT WARNING * * *
Something hits you.
You die...

## .# ...... .#
# .. .....< .#
#.#. ...... .#
#.#.###......
.# #... .@....
.# # ... ....
## #...##.##.#
# .......@r{#
.#
.......##)###.#
.......##.....#
#...##.####.###
#........##.#
##.#.....##.#
## ###
#..........# .
..#
###.....#### #
#.# #[....#


You could see a quokka.

Vanquished Creatures
  A jelly (D:2)
  Natasha (D:2)
  An adder (D:2)
  2 dart slugs (D:1)
  3 ball pythons
  A bat (D:2)
  2 endoplasms (D:1)
  3 goblins
  6 hobgoblins
  A jackal (D:1)
  A quokka (D:1)
  4 frilled lizards
  A kobold (D:1)
  3 rats (D:1)
30 creatures vanquished.

Notes
Turn   | Place    | Note
-------+----------+-------------------------------------------
     0 | D:1      | ClockworkOrrery the Troll Fighter began the quest for the
                  | Orb.
     0 | D:1      | Reached XP level 1. HP: 22/22 MP: 0/0
   117 | D:1      | Reached XP level 2. HP: 21/29 MP: 1/1
   746 | D:2      | Reached XP level 3. HP: 35/36 MP: 2/2
   785 | D:2      | Reached skill level 3 in Fighting
   887 | D:2      | Reached XP level 4. HP: 45/45 MP: 3/3
  1042 | D:2      | Noticed Natasha
  1043 | D:2      | Noticed Sigmund
  1046 | D:2      | Noticed Jessica
  1047 | D:2      | Killed Natasha
  1052 | D:2      | Slain by Sigmund

Illustrated notes

Levels and vault maps discovered:
D:1:      nicolae_arrival_washed_ashore, layout_loops_ring, minmay_hexomino_u4
D:2:      layout_loops_ring, basic_altar, shapermc_ecumenical_altar_hornbeckon,
          uniq_jessica, uniq_natasha, uniq_sigmund

Skill      XL: |  1  2  3 |
---------------+----------+-----
Fighting       | 3 |  3.3
Dodging        | |  2.9
Shields        | |  2.9
Unarmed Combat | |  2.7

Action                   |  1- 3 |  4- 6 || total
-------------------------+-------+-------++-------
Melee: Unarmed           |    58 |     9 ||    67
 Stab: Sleeping          |     2 |       ||     2
Armor: Robe              |    22 |     5 ||    27
Dodge: Dodged            |    34 |     3 ||    37
Block: Kite shield       |    29 |     3 ||    32

Table legend: (Time is in decaauts)
 A = Elapsed time spent in this place.
 B = Non-inter-level travel time spent in this place.
 C = Inter-level travel time spent in this place.
 D = Time resting spent in this place.
 E = Time spent auto-exploring this place.
 F = Levels seen in this place.
 G = Mean time per level.
                   A        B        C        D        E       F      G
               +--------+--------+--------+--------+--------+-----+--------+
         Total |   1066 |   1019 |     47 |      0 |    848 |   2 |  533.0 |
       Dungeon |   1066 |   1019 |     47 |      0 |    848 |   2 |  533.0 |
               +--------+--------+--------+--------+--------+-----+--------+

Top non-repeatable levels by time:
     D:1: 717 daAuts
     D:2: 348 daAuts
